[ AOE2 MATCH · #479220589 ]
UnrankedSaracens vs Jurchens
[ REPLAY ANALYSIS · EXTRACTED FROM THE RECORDED GAME ]
Feudal
15:25
Castle
18:50
Imperial
34:19
| APM avg | 33.2 |
| APM peak | 57 |
| eAPM avg | 21.9 |
| Villagers / military | 184 / 466 |
Focus
⚔️ 27.1% · 🌾 72.9%
Scout Cavalry ×318 · Skirmisher ×71 · Camel Scout ×56 · Trebuchet (Packed) ×11 · Hand Cannoneer ×4 · Mangonel ×3
Feudal
16:34
Castle
21:00
Imperial
45:08
| APM avg | 40.7 |
| APM peak | 73 |
| eAPM avg | 18.3 |
| Villagers / military | 134 / 379 |
Focus
⚔️ 36.7% · 🌾 63.3%
Scout Cavalry ×211 · Steppe Lancer ×161 · Battering Ram ×7
Feudal
15:29
Castle
19:13
Imperial
35:37
| APM avg | 38.3 |
| APM peak | 102 |
| eAPM avg | 21.3 |
| Villagers / military | 197 / 381 |
Focus
⚔️ 35.8% · 🌾 64.2%
Knight ×196 · Scout Cavalry ×94 · Cavalry Archer ×85 · Mangonel ×5 · Trebuchet (Packed) ×1
Feudal
13:15
Castle
17:16
Imperial
49:54
| APM avg | 34.4 |
| APM peak | 66 |
| eAPM avg | 24.0 |
| Villagers / military | 256 / 222 |
Focus
⚔️ 35.8% · 🌾 64.2%
Cavalry Archer ×135 · Scout Cavalry ×46 · Battering Ram ×19 · Knight ×14 · Monk ×7 · Mangonel ×1
Feudal
14:17
Castle
18:32
Imperial
54:28
| APM avg | 31.0 |
| APM peak | 188 |
| eAPM avg | 20.5 |
| Villagers / military | 173 / 171 |
Focus
⚔️ 23.9% · 🌾 76.1%
Archer ×45 · Fire Lancer ×44 · Skirmisher ×35 · War Wagon ×24 · Spearman ×18 · Bombard Cannon ×3
Feudal
13:46
Castle
17:33
Imperial
36:34
| APM avg | 47.9 |
| APM peak | 89 |
| eAPM avg | 33.1 |
| Villagers / military | 232 / 591 |
Focus
⚔️ 49.7% · 🌾 50.3%
Spearman ×235 · Skirmisher ×134 · Archer ×124 · Scout Cavalry ×58 · Knight ×18 · Bombard Cannon ×10
Feudal
15:24
Castle
20:08
Imperial
39:12
| APM avg | 33.6 |
| APM peak | 73 |
| eAPM avg | 19.1 |
| Villagers / military | 142 / 145 |
Focus
⚔️ 31.5% · 🌾 68.5%
Obuch ×53 · Scout Cavalry ×44 · Spearman ×36 · Battering Ram ×5 · Petard ×3 · Trebuchet (Packed) ×2
Feudal
14:33
Castle
19:49
Imperial
39:46
| APM avg | 36.0 |
| APM peak | 58 |
| eAPM avg | 21.5 |
| Villagers / military | 216 / 177 |
Focus
⚔️ 26.1% · 🌾 73.9%
Hand Cannoneer ×83 · Spearman ×63 · Bombard Cannon ×15 · Hussite Wagon ×7 · Mangonel ×5 · Trebuchet (Packed) ×4
Match map
Initial resources + every placement click. Lines = walls · curves = elevation contours. ◆ gold · ⬟ stone · ● berries · ✦ relic · ◌ wall gap
Your base· Open — unwalled flank
永不服输's base· Open — unwalled flank
悲伤猫头橘's base· Open — 12t gap
西瓜太牛's base· Open — unwalled flank
楚辞誉's base· Open — unwalled flank
lkg's base· Open — unwalled flank
董 泽寒道's base· Open — 9t gap
凌兮梦's base· Open — 9t gap
Smoothed initial terrain · ◌ = detected wall gap · hover for details
Inputs per minute
— 阿水 - - 永不服输
Build order — 阿水
First 150 of 643 actions detected
| 0:20 | Build | Town Center |
| 2:42 | Create | Villager (Male) |
| 2:45 | Build | House |
| 2:45 | Create | Villager (Male) |
| 2:47 | Create | Villager (Male) |
| 2:48 | Create | Villager (Male) |
| 3:12 | Build | House |
| 3:30 | Build | House |
| 4:22 | Create | Villager (Male) |
| 4:42 | Build | House |
| 4:46 | Build | House |
| 4:48 | Create | Villager (Male) |
| 5:10 | Create | Villager (Male) |
| 5:35 | Create | Villager (Male) |
| 5:53 | Create | Villager (Male) |
| 6:10 | Build | House |
| 6:21 | Create | Villager (Male) |
| 6:27 | Create | Villager (Male) |
| 6:41 | Build | House |
| 6:48 | Create | Villager (Male) |
| 6:48 | Create | Villager (Male) |
| 6:58 | Create | Villager (Male) |
| 7:13 | Build | House |
| 7:44 | Build | House |
| 8:00 | Create | Villager (Male) |
| 8:11 | Create | Villager (Male) |
| 8:11 | Create | Villager (Male) |
| 8:30 | Create | Villager (Male) |
| 8:49 | Create | Villager (Male) |
| 8:52 | Create | Villager (Male) |
| 9:23 | Create | Villager (Male) |
| 9:25 | Create | Villager (Male) |
| 9:37 | Build | House |
| 9:42 | Create | Villager (Male) |
| 9:46 | Create | Villager (Male) |
| 9:51 | Build | Lumber Camp |
| 10:04 | Create | Villager (Male) |
| 10:07 | Build | Palisade Wall |
| 10:09 | Build | Palisade Wall |
| 10:11 | Create | Villager (Male) |
| 10:23 | Build | House |
| 10:40 | Build | House |
| 10:55 | Build | House |
| 10:58 | Build | House |
| 11:11 | Create | Villager (Male) |
| 11:32 | Build | Palisade Wall |
| 11:34 | Build | Palisade Wall |
| 11:41 | Build | Palisade Wall |
| 11:43 | Create | Villager (Male) |
| 12:02 | Build | House |
| 12:09 | Create | Villager (Male) |
| 12:25 | Build | Mill |
| 12:50 | Research | Loom |
| 13:09 | Research | Feudal Age |
| 14:14 | Create | Villager (Male) |
| 15:25 | Age | Feudal Age |
| 15:27 | Build | Market |
| 15:31 | Build | Blacksmith |
| 16:10 | Research | Castle Age |
| 16:10 | Research | Castle Age |
| 16:15 | Build | House |
| 16:17 | Research | Double-Bit Axe |
| 16:25 | Research | Horse Collar |
| 16:51 | Build | Stone Wall |
| 17:49 | Build | Stone Wall |
| 17:58 | Build | Stone Wall |
| 18:48 | Build | Stone Wall |
| 18:50 | Age | Castle Age |
| 18:51 | Create | Villager (Male) |
| 18:54 | Build | Town Center |
| 19:00 | Create | Villager (Male) |
| 19:15 | Create | Villager (Male) |
| 19:21 | Build | House |
| 19:40 | Create | Villager (Male) |
| 19:52 | Build | Town Center |
| 19:59 | Build | Town Center |
| 20:12 | Build | Gate |
| 20:14 | Create | Villager (Male) |
| 20:20 | Build | Farm |
| 20:22 | Build | Farm |
| 20:30 | Create | Villager (Male) |
| 20:32 | Build | Farm |
| 20:33 | Build | Farm |
| 20:34 | Build | Farm |
| 20:38 | Build | Farm |
| 20:39 | Create | Villager (Male) |
| 20:52 | Create | Villager (Male) |
| 20:55 | Build | Farm |
| 20:58 | Create | Villager (Male) |
| 21:06 | Build | Stone Wall |
| 21:12 | Build | Gate |
| 21:28 | Create | Villager (Male) |
| 21:33 | Create | Villager (Male) |
| 21:46 | Create | Villager (Male) |
| 21:48 | Build | Farm |
| 21:54 | Create | Villager (Male) |
| 22:03 | Build | Farm |
| 22:09 | Create | Villager (Male) |
| 22:27 | Build | House |
| 22:32 | Create | Villager (Male) |
| 22:32 | Create | Villager (Male) |
| 22:35 | Build | Farm |
| 22:37 | Create | Villager (Male) |
| 22:42 | Create | Villager (Male) |
| 22:42 | Create | Villager (Male) |
| 22:42 | Create | Villager (Male) |
| 22:54 | Build | Farm |
| 23:00 | Build | Farm |
| 23:02 | Create | Villager (Male) |
| 23:04 | Create | Villager (Male) |
| 23:10 | Create | Villager (Male) |
| 23:13 | Build | Farm |
| 23:22 | Build | Farm |
| 23:24 | Create | Villager (Male) |
| 23:26 | Create | Villager (Male) |
| 23:32 | Create | Villager (Male) |
| 23:39 | Build | Farm |
| 23:46 | Create | Villager (Male) |
| 23:53 | Create | Villager (Male) |
| 23:56 | Research | Bow Saw |
| 24:06 | Create | Villager (Male) |
| 24:11 | Build | Farm |
| 24:15 | Create | Villager (Male) |
| 24:20 | Create | Villager (Male) |
| 24:23 | Build | House |
| 24:24 | Create | Villager (Male) |
| 24:26 | Build | Farm |
| 24:30 | Build | House |
| 24:31 | Build | House |
| 24:34 | Build | House |
| 24:41 | Research | Town Watch |
| 24:41 | Research | Town Watch |
| 24:54 | Research | Wheelbarrow |
| 25:03 | Create | Villager (Male) |
| 25:03 | Create | Villager (Male) |
| 25:05 | Build | Farm |
| 25:06 | Create | Villager (Male) |
| 25:08 | Build | Farm |
| 25:09 | Build | Farm |
| 25:12 | Build | House |
| 25:15 | Create | Villager (Male) |
| 25:18 | Build | Farm |
| 25:20 | Create | Villager (Male) |
| 25:24 | Create | Villager (Male) |
| 25:29 | Create | Villager (Male) |
| 25:35 | Build | Town Center |
| 25:42 | Build | House |
| 25:44 | Build | House |
| 25:45 | Build | House |
| 25:47 | Create | Villager (Male) |
Build order — 永不服输
First 150 of 504 actions detected
| 0:07 | Build | House |
| 0:20 | Build | Town Center |
| 0:47 | Build | Mill |
| 0:53 | Build | Palisade Wall |
| 0:54 | Build | Palisade Wall |
| 0:54 | Build | Palisade Wall |
| 1:04 | Build | House |
| 2:32 | Build | Palisade Wall |
| 2:32 | Build | Palisade Wall |
| 2:33 | Build | Palisade Wall |
| 2:34 | Build | Palisade Wall |
| 2:56 | Create | Villager (Male) |
| 2:56 | Create | Villager (Male) |
| 2:56 | Create | Villager (Male) |
| 2:59 | Create | Villager (Male) |
| 2:59 | Create | Villager (Male) |
| 4:29 | Create | Villager (Male) |
| 4:59 | Research | Loom |
| 5:23 | Create | Villager (Male) |
| 5:23 | Create | Villager (Male) |
| 5:23 | Create | Villager (Male) |
| 6:34 | Create | Villager (Male) |
| 6:34 | Create | Villager (Male) |
| 6:39 | Create | Villager (Male) |
| 6:46 | Create | Villager (Male) |
| 7:54 | Create | Villager (Male) |
| 7:54 | Create | Villager (Male) |
| 8:40 | Create | Villager (Male) |
| 8:57 | Create | Villager (Male) |
| 8:58 | Create | Villager (Male) |
| 9:28 | Create | Villager (Male) |
| 9:35 | Build | House |
| 9:39 | Create | Villager (Male) |
| 9:57 | Create | Villager (Male) |
| 10:28 | Create | Villager (Male) |
| 11:04 | Create | Villager (Male) |
| 11:14 | Create | Villager (Male) |
| 11:15 | Create | Villager (Male) |
| 11:46 | Build | House |
| 12:23 | Create | Villager (Male) |
| 13:27 | Build | Lumber Camp |
| 13:33 | Create | Villager (Male) |
| 14:15 | Build | House |
| 14:24 | Research | Feudal Age |
| 15:02 | Create | Villager (Male) |
| 15:11 | Create | Villager (Male) |
| 15:40 | Build | Mining Camp |
| 15:56 | Create | Villager (Male) |
| 16:27 | Build | House |
| 16:32 | Build | Palisade Wall |
| 16:34 | Age | Feudal Age |
| 16:37 | Create | Villager (Male) |
| 16:49 | Build | Market |
| 16:54 | Build | Blacksmith |
| 16:56 | Create | Villager (Male) |
| 17:02 | Create | Villager (Male) |
| 17:25 | Research | Double-Bit Axe |
| 17:33 | Build | Mill |
| 17:53 | Build | Mill |
| 18:20 | Research | Castle Age |
| 18:23 | Create | Villager (Male) |
| 18:37 | Build | House |
| 18:41 | Create | Villager (Male) |
| 19:00 | Research | Horse Collar |
| 19:25 | Build | Farm |
| 19:26 | Build | Farm |
| 19:34 | Build | Farm |
| 19:35 | Build | Farm |
| 19:36 | Build | Farm |
| 19:41 | Create | Villager (Male) |
| 19:46 | Build | Farm |
| 19:47 | Build | Farm |
| 19:59 | Build | Barracks |
| 20:03 | Create | Villager (Male) |
| 20:09 | Create | Villager (Male) |
| 20:18 | Create | Villager (Male) |
| 20:32 | Research | Scale Barding Armor |
| 20:42 | Create | Villager (Male) |
| 21:00 | Age | Castle Age |
| 21:11 | Create | Villager (Male) |
| 21:16 | Build | Stable |
| 21:21 | Research | Chain Barding Armor |
| 21:22 | Create | Villager (Male) |
| 21:57 | Create | Villager (Male) |
| 22:02 | Research | Forging |
| 22:16 | Research | Bloodlines |
| 22:20 | Build | Stable |
| 22:26 | Create | Villager (Male) |
| 22:33 | Build | Farm |
| 22:37 | Research | Bow Saw |
| 23:08 | Build | Farm |
| 23:10 | Build | Farm |
| 23:11 | Build | Farm |
| 23:16 | Create | Steppe Lancer |
| 23:16 | Create | Steppe Lancer |
| 23:18 | Create | Steppe Lancer |
| 23:20 | Create | Villager (Male) |
| 23:26 | Build | Farm |
| 23:27 | Build | Farm |
| 23:47 | Create | Steppe Lancer |
| 24:00 | Build | House |
| 24:09 | Research | Wheelbarrow |
| 24:10 | Create | Villager (Male) |
| 24:22 | Create | Steppe Lancer |
| 24:22 | Create | Steppe Lancer |
| 24:30 | Build | House |
| 25:01 | Build | Mill |
| 25:15 | Create | Steppe Lancer |
| 25:15 | Create | Steppe Lancer |
| 25:18 | Create | Villager (Male) |
| 25:18 | Create | Villager (Male) |
| 25:23 | Research | Gold Mining |
| 25:28 | Build | Farm |
| 25:29 | Build | Farm |
| 25:44 | Create | Villager (Male) |
| 25:50 | Create | Steppe Lancer |
| 26:26 | Create | Steppe Lancer |
| 26:27 | Create | Steppe Lancer |
| 26:32 | Research | Husbandry |
| 26:33 | Create | Villager (Male) |
| 26:33 | Create | Villager (Male) |
| 26:42 | Build | House |
| 26:44 | Build | House |
| 26:59 | Create | Villager (Male) |
| 27:06 | Build | Town Center |
| 28:11 | Create | Villager (Male) |
| 28:12 | Create | Villager (Male) |
| 28:20 | Create | Villager (Male) |
| 28:23 | Create | Steppe Lancer |
| 28:24 | Create | Steppe Lancer |
| 28:24 | Create | Steppe Lancer |
| 28:25 | Create | Steppe Lancer |
| 28:25 | Create | Steppe Lancer |
| 28:33 | Build | Siege Workshop |
| 28:54 | Create | Steppe Lancer |
| 28:54 | Create | Steppe Lancer |
| 29:02 | Create | Villager (Male) |
| 29:06 | Create | Steppe Lancer |
| 29:06 | Create | Steppe Lancer |
| 29:08 | Create | Villager (Male) |
| 29:08 | Create | Villager (Male) |
| 29:11 | Build | House |
| 29:13 | Build | House |
| 29:16 | Create | Villager (Male) |
| 29:19 | Build | House |
| 29:20 | Build | House |
| 29:22 | Build | House |
| 30:04 | Create | Battering Ram |
| 30:04 | Create | Battering Ram |
| 30:08 | Build | House |
Build order — 悲伤猫头橘
First 150 of 568 actions detected
| 0:23 | Build | Town Center |
| 2:57 | Create | Villager (Male) ×4 |
| 2:58 | Create | Villager (Male) ×4 |
| 3:08 | Build | House |
| 3:42 | Build | House |
| 3:43 | Build | House |
| 4:40 | Research | Loom |
| 4:43 | Create | Villager (Male) |
| 4:43 | Create | Villager (Male) |
| 4:48 | Build | House |
| 5:03 | Build | Palisade Wall |
| 5:05 | Build | Palisade Wall |
| 5:06 | Build | Palisade Wall |
| 5:16 | Create | Villager (Male) |
| 5:17 | Create | Villager (Male) |
| 5:34 | Build | Palisade Gate |
| 5:39 | Build | Palisade Gate |
| 5:55 | Create | Villager (Male) |
| 5:55 | Create | Villager (Male) |
| 6:07 | Build | House |
| 6:31 | Build | House |
| 6:34 | Create | Villager (Male) |
| 6:55 | Create | Villager (Male) |
| 7:06 | Build | House |
| 7:26 | Create | Villager (Male) |
| 7:26 | Create | Villager (Male) |
| 7:26 | Create | Villager (Male) |
| 7:31 | Build | Palisade Wall |
| 8:14 | Create | Villager (Male) |
| 8:14 | Create | Villager (Male) |
| 8:19 | Create | Villager (Male) |
| 8:40 | Build | Palisade Gate |
| 8:41 | Build | Palisade Wall |
| 9:00 | Create | Villager (Male) |
| 9:00 | Create | Villager (Male) |
| 9:01 | Create | Villager (Male) |
| 9:14 | Build | House |
| 9:37 | Create | Villager (Male) |
| 9:38 | Create | Villager (Male) |
| 10:16 | Create | Villager (Male) |
| 10:35 | Build | Mill |
| 10:43 | Create | Villager (Male) |
| 10:54 | Create | Villager (Male) |
| 11:36 | Create | Villager (Male) |
| 11:37 | Create | Villager (Male) |
| 12:02 | Build | Mining Camp |
| 12:29 | Create | Villager (Male) |
| 12:29 | Create | Villager (Male) |
| 12:46 | Build | Palisade Gate |
| 12:52 | Build | Palisade Gate |
| 13:10 | Research | Feudal Age |
| 13:19 | Build | House |
| 14:19 | Build | House |
| 14:21 | Build | House |
| 14:22 | Build | House |
| 15:07 | Create | Villager (Male) |
| 15:07 | Create | Villager (Male) |
| 15:29 | Age | Feudal Age |
| 15:36 | Build | Market |
| 15:42 | Build | Market |
| 15:44 | Build | Blacksmith |
| 16:00 | Build | Gate |
| 16:15 | Build | Gate |
| 16:33 | Research | Castle Age |
| 16:44 | Build | Lumber Camp |
| 16:53 | Build | Stone Wall |
| 17:00 | Build | Stone Wall |
| 17:01 | Build | Stone Wall |
| 17:02 | Build | Stone Wall |
| 17:03 | Build | Stone Wall |
| 17:04 | Build | Stone Wall |
| 17:05 | Build | Stone Wall |
| 17:07 | Build | Stone Wall |
| 17:15 | Build | Gate |
| 17:33 | Research | Double-Bit Axe |
| 17:33 | Research | Double-Bit Axe |
| 18:28 | Build | Stone Wall |
| 19:13 | Age | Castle Age |
| 19:16 | Create | Villager (Male) |
| 19:16 | Create | Villager (Male) |
| 19:22 | Build | Town Center |
| 19:24 | Research | Bow Saw |
| 19:30 | Build | Siege Workshop |
| 20:10 | Build | Gate |
| 20:14 | Create | Villager (Male) |
| 20:32 | Create | Villager (Male) |
| 20:46 | Create | Villager (Male) |
| 20:48 | Create | Villager (Male) |
| 20:48 | Create | Villager (Male) |
| 20:54 | Build | Farm |
| 20:55 | Build | Farm |
| 20:55 | Build | Farm |
| 20:55 | Build | Farm |
| 21:08 | Create | Mangonel |
| 21:23 | Create | Villager (Male) |
| 21:23 | Create | Villager (Male) |
| 21:33 | Build | Farm |
| 21:33 | Build | Farm |
| 21:33 | Build | Farm |
| 21:33 | Build | Farm |
| 21:55 | Create | Villager (Male) |
| 21:55 | Create | Villager (Male) |
| 22:22 | Build | Town Center |
| 22:24 | Create | Villager (Male) |
| 22:24 | Create | Villager (Male) |
| 22:33 | Research | Wheelbarrow |
| 22:42 | Build | Farm |
| 22:42 | Build | Farm |
| 22:52 | Create | Villager (Male) |
| 22:58 | Build | Farm |
| 22:59 | Build | Farm |
| 23:05 | Build | Farm |
| 23:15 | Create | Villager (Male) |
| 23:28 | Create | Villager (Male) |
| 23:36 | Create | Mangonel |
| 23:37 | Create | Mangonel |
| 23:39 | Create | Villager (Male) |
| 23:58 | Build | Farm |
| 24:00 | Create | Villager (Male) |
| 24:09 | Create | Villager (Male) |
| 24:10 | Create | Villager (Male) |
| 24:28 | Create | Villager (Male) |
| 24:28 | Create | Villager (Male) |
| 24:30 | Create | Villager (Male) |
| 24:35 | Build | Farm |
| 24:35 | Build | Farm |
| 24:36 | Build | Farm |
| 24:38 | Build | Farm |
| 24:40 | Create | Villager (Male) |
| 24:50 | Create | Villager (Male) |
| 24:50 | Create | Villager (Male) |
| 25:01 | Create | Villager (Male) |
| 25:01 | Create | Villager (Male) |
| 25:10 | Create | Villager (Male) |
| 25:10 | Create | Villager (Male) |
| 25:28 | Create | Villager (Male) |
| 25:28 | Create | Villager (Male) |
| 25:45 | Build | Town Center |
| 25:47 | Create | Villager (Male) |
| 25:55 | Create | Mangonel |
| 25:58 | Create | Villager (Male) |
| 26:05 | Build | Town Center |
| 26:08 | Research | Horse Collar |
| 26:20 | Create | Villager (Male) |
| 26:22 | Create | Villager (Male) |
| 26:22 | Create | Villager (Male) |
| 26:24 | Build | Farm |
| 26:25 | Build | Farm |
| 26:26 | Build | Farm |
| 26:36 | Build | Lumber Camp |
Build order — 西瓜太牛
First 150 of 685 actions detected
| 0:23 | Build | Town Center |
| 0:49 | Build | Lumber Camp |
| 2:20 | Create | Villager (Male) |
| 2:20 | Create | Villager (Male) |
| 2:23 | Create | Villager (Male) |
| 2:24 | Create | Villager (Male) |
| 2:24 | Create | Villager (Male) |
| 3:43 | Create | Villager (Male) |
| 3:43 | Create | Villager (Male) |
| 4:19 | Create | Villager (Male) |
| 4:20 | Create | Villager (Male) |
| 4:41 | Create | Villager (Male) |
| 4:59 | Create | Villager (Male) |
| 5:27 | Create | Villager (Male) |
| 5:41 | Create | Villager (Male) |
| 6:08 | Research | Loom |
| 6:10 | Create | Villager (Male) |
| 6:10 | Create | Villager (Male) |
| 6:37 | Create | Villager (Male) |
| 6:37 | Create | Villager (Male) |
| 7:31 | Create | Villager (Male) |
| 7:31 | Create | Villager (Male) |
| 7:31 | Create | Villager (Male) |
| 7:31 | Create | Villager (Male) |
| 7:38 | Build | Lumber Camp |
| 8:30 | Build | Mill |
| 9:40 | Build | Mining Camp |
| 9:47 | Create | Villager (Male) |
| 9:55 | Create | Villager (Male) |
| 10:25 | Create | Villager (Male) |
| 11:03 | Research | Feudal Age |
| 11:45 | Create | Villager (Male) |
| 13:15 | Age | Feudal Age |
| 13:16 | Create | Villager (Male) |
| 13:25 | Build | Market |
| 13:30 | Build | Blacksmith |
| 13:32 | Build | Palisade Wall |
| 13:58 | Create | Villager (Male) |
| 14:12 | Build | Gate |
| 14:36 | Research | Castle Age |
| 14:36 | Research | Castle Age |
| 15:09 | Research | Double-Bit Axe |
| 15:09 | Research | Double-Bit Axe |
| 15:39 | Research | Gold Mining |
| 15:39 | Research | Gold Mining |
| 16:45 | Create | Villager (Male) |
| 17:16 | Age | Castle Age |
| 17:19 | Build | Town Center |
| 17:23 | Build | Town Center |
| 17:32 | Create | Villager (Male) |
| 17:44 | Build | Monastery |
| 17:48 | Create | Villager (Male) |
| 17:59 | Research | Bow Saw |
| 17:59 | Research | Bow Saw |
| 18:19 | Create | Villager (Male) |
| 18:21 | Create | Villager (Male) |
| 18:22 | Build | Farm |
| 18:23 | Build | Farm |
| 18:27 | Create | Villager (Male) |
| 18:34 | Create | Villager (Male) |
| 18:44 | Build | Farm |
| 18:48 | Create | Villager (Male) |
| 19:07 | Create | Monk |
| 19:10 | Create | Villager (Male) |
| 19:17 | Build | Farm |
| 19:17 | Build | Farm |
| 19:26 | Build | Farm |
| 19:27 | Build | Farm |
| 19:40 | Build | Barracks |
| 19:45 | Build | Farm |
| 19:47 | Build | Farm |
| 19:47 | Build | Farm |
| 19:59 | Create | Villager (Male) |
| 20:02 | Build | Farm |
| 20:03 | Build | Farm |
| 20:14 | Build | Farm |
| 20:18 | Build | Farm |
| 20:19 | Build | Farm |
| 20:26 | Create | Villager (Male) |
| 20:37 | Create | Villager (Male) |
| 20:57 | Create | Villager (Male) |
| 20:57 | Create | Villager (Male) |
| 21:01 | Build | Stable |
| 21:06 | Create | Villager (Male) |
| 21:06 | Create | Villager (Male) |
| 21:09 | Build | Farm |
| 21:17 | Build | Farm |
| 21:18 | Create | Villager (Male) |
| 21:18 | Create | Villager (Male) |
| 21:31 | Create | Knight |
| 21:32 | Create | Knight |
| 21:35 | Create | Villager (Male) |
| 21:36 | Build | Farm |
| 21:38 | Build | Farm |
| 21:42 | Create | Villager (Male) |
| 21:45 | Create | Villager (Male) |
| 21:51 | Create | Villager (Male) |
| 21:56 | Build | Farm |
| 21:57 | Create | Villager (Male) |
| 22:10 | Create | Villager (Male) |
| 22:11 | Build | Farm |
| 22:13 | Build | Farm |
| 22:33 | Create | Knight |
| 22:34 | Create | Villager (Male) |
| 22:35 | Create | Villager (Male) |
| 22:40 | Build | Farm |
| 22:41 | Build | Farm |
| 22:42 | Create | Villager (Male) |
| 22:46 | Build | Farm |
| 22:56 | Create | Knight |
| 22:57 | Create | Knight |
| 23:20 | Create | Villager (Male) |
| 23:33 | Create | Villager (Male) |
| 23:35 | Research | Scale Barding Armor |
| 23:35 | Research | Scale Barding Armor |
| 23:36 | Create | Knight |
| 23:44 | Create | Villager (Male) |
| 23:51 | Build | Town Center |
| 23:52 | Create | Villager (Male) |
| 23:58 | Create | Knight |
| 24:02 | Build | Farm |
| 24:03 | Build | Farm |
| 24:04 | Create | Villager (Male) |
| 24:14 | Create | Villager (Male) |
| 24:19 | Create | Villager (Male) |
| 24:20 | Create | Villager (Male) |
| 24:33 | Create | Villager (Male) |
| 24:35 | Create | Villager (Male) |
| 24:35 | Create | Villager (Male) |
| 24:43 | Create | Villager (Male) |
| 24:52 | Create | Knight |
| 24:58 | Create | Villager (Male) |
| 25:08 | Create | Villager (Male) |
| 25:09 | Create | Villager (Male) |
| 25:18 | Build | Mill |
| 25:19 | Build | Farm |
| 25:19 | Build | Farm |
| 25:19 | Build | Farm |
| 25:19 | Build | Farm |
| 25:20 | Build | Farm |
| 25:20 | Build | Farm |
| 25:20 | Build | Farm |
| 25:20 | Build | Farm |
| 25:21 | Create | Villager (Male) |
| 25:26 | Build | Stone Wall |
| 25:28 | Build | Stone Wall |
| 25:31 | Build | Gate |
| 25:32 | Create | Knight |
| 25:33 | Create | Knight |
| 25:40 | Research | Town Watch |
Build order — 楚辞誉
First 150 of 464 actions detected
| 0:38 | Build | Town Center |
| 0:45 | Build | House |
| 0:51 | Build | Town Center |
| 1:26 | Build | House |
| 1:31 | Build | Lumber Camp |
| 2:57 | Create | Villager (Male) |
| 2:57 | Create | Villager (Male) |
| 2:58 | Create | Villager (Male) |
| 2:59 | Create | Villager (Male) |
| 3:53 | Build | House |
| 4:29 | Research | Loom |
| 5:18 | Create | Villager (Male) |
| 5:32 | Build | Palisade Wall |
| 5:58 | Create | Villager (Male) |
| 6:36 | Create | Villager (Male) |
| 6:43 | Create | Villager (Male) |
| 6:54 | Build | House |
| 6:57 | Create | Villager (Male) |
| 7:56 | Create | Villager (Male) |
| 7:57 | Create | Villager (Male) |
| 8:09 | Create | Villager (Male) |
| 8:39 | Create | Villager (Male) |
| 8:52 | Build | House |
| 8:54 | Build | House |
| 8:56 | Create | Villager (Male) |
| 9:14 | Build | Mill |
| 9:21 | Create | Villager (Male) |
| 9:25 | Build | House |
| 9:43 | Build | House |
| 10:10 | Create | Villager (Male) |
| 10:23 | Build | Mining Camp |
| 10:25 | Create | Villager (Male) |
| 10:38 | Create | Villager (Male) |
| 10:52 | Build | House |
| 11:05 | Build | House |
| 11:34 | Create | Villager (Male) |
| 12:04 | Research | Feudal Age |
| 12:17 | Build | House |
| 12:27 | Build | House |
| 12:42 | Build | House |
| 13:02 | Build | House |
| 13:13 | Build | House |
| 14:17 | Age | Feudal Age |
| 14:17 | Create | Villager (Male) |
| 14:22 | Build | Blacksmith |
| 14:27 | Build | Market |
| 14:30 | Create | Villager (Male) |
| 15:08 | Create | Villager (Male) |
| 15:52 | Research | Castle Age |
| 16:32 | Research | Double-Bit Axe |
| 18:32 | Age | Castle Age |
| 18:34 | Create | Villager (Male) |
| 18:35 | Create | Villager (Male) |
| 19:01 | Build | Town Center |
| 19:08 | Build | House |
| 19:10 | Create | Villager (Male) |
| 19:41 | Build | House |
| 19:46 | Create | Villager (Male) |
| 20:08 | Create | Villager (Male) |
| 20:11 | Build | Farm |
| 20:12 | Build | Farm |
| 20:14 | Build | Farm |
| 20:15 | Build | Farm |
| 20:26 | Create | Villager (Male) |
| 20:35 | Build | Castle |
| 20:46 | Build | Farm |
| 20:47 | Build | Farm |
| 20:49 | Build | Farm |
| 21:36 | Create | War Wagon |
| 21:37 | Create | War Wagon |
| 21:48 | Research | Fletching |
| 22:01 | Build | Farm |
| 22:01 | Build | Farm |
| 22:07 | Build | Farm |
| 22:09 | Build | Farm |
| 22:10 | Build | Farm |
| 22:12 | Create | War Wagon |
| 22:15 | Build | Mill |
| 22:18 | Create | Villager (Male) |
| 22:27 | Build | House |
| 22:28 | Build | House |
| 22:30 | Create | Villager (Male) |
| 22:37 | Create | War Wagon |
| 23:08 | Create | Villager (Male) |
| 23:12 | Build | Farm |
| 23:12 | Create | Villager (Male) |
| 23:30 | Research | Horse Collar |
| 23:31 | Create | Villager (Male) |
| 23:55 | Create | Villager (Male) |
| 24:08 | Create | Villager (Male) |
| 24:13 | Create | War Wagon |
| 24:15 | Create | War Wagon |
| 24:17 | Create | Villager (Male) |
| 24:36 | Create | War Wagon |
| 24:40 | Create | Villager (Male) |
| 24:45 | Create | Villager (Male) |
| 25:07 | Create | War Wagon |
| 25:08 | Create | Villager (Male) |
| 25:25 | Create | Villager (Male) |
| 25:30 | Create | War Wagon |
| 25:31 | Create | Villager (Male) |
| 25:39 | Create | War Wagon |
| 25:52 | Create | Villager (Male) |
| 25:59 | Create | Villager (Male) |
| 26:10 | Build | Mining Camp |
| 26:13 | Build | Farm |
| 26:14 | Build | Farm |
| 26:15 | Build | Farm |
| 26:19 | Create | War Wagon |
| 26:22 | Create | Villager (Male) |
| 26:46 | Create | War Wagon |
| 26:46 | Create | War Wagon |
| 26:48 | Create | Villager (Male) |
| 26:49 | Create | Villager (Male) |
| 27:08 | Create | Villager (Male) |
| 27:24 | Research | Bodkin Arrow |
| 27:24 | Research | Bodkin Arrow |
| 27:42 | Create | War Wagon |
| 27:43 | Create | War Wagon |
| 27:52 | Create | Villager (Male) |
| 28:05 | Build | Town Center |
| 28:09 | Create | Villager (Male) |
| 28:15 | Create | Villager (Male) |
| 28:34 | Create | Villager (Male) |
| 28:42 | Create | Villager (Male) |
| 28:49 | Create | Villager (Male) |
| 28:55 | Create | War Wagon |
| 28:56 | Create | War Wagon |
| 29:00 | Build | Farm |
| 29:02 | Build | Farm |
| 29:02 | Build | Farm |
| 29:03 | Build | Farm |
| 29:03 | Build | Farm |
| 29:05 | Build | Farm |
| 29:08 | Create | Villager (Male) |
| 29:17 | Create | Villager (Male) |
| 29:44 | Create | War Wagon |
| 29:46 | Create | Villager (Male) |
| 29:47 | Create | Villager (Male) |
| 30:00 | Create | Villager (Male) |
| 30:02 | Create | War Wagon |
| 30:09 | Build | Lumber Camp |
| 30:12 | Create | Villager (Male) |
| 30:13 | Create | Villager (Male) |
| 30:31 | Create | Villager (Male) |
| 30:33 | Create | War Wagon |
| 30:35 | Create | Villager (Male) |
| 30:40 | Create | Villager (Male) |
| 30:41 | Create | Villager (Male) |
| 30:42 | Create | Villager (Male) |
Build order — lkg
First 150 of 1148 actions detected
| 0:17 | Build | Town Center |
| 2:10 | Build | House |
| 2:15 | Build | House |
| 2:27 | Create | Villager (Male) |
| 2:27 | Create | Villager (Male) |
| 2:27 | Create | Villager (Male) |
| 2:27 | Create | Villager (Male) |
| 2:28 | Create | Villager (Male) |
| 3:03 | Build | House |
| 4:06 | Create | Villager (Male) |
| 4:27 | Create | Villager (Male) |
| 4:27 | Create | Villager (Male) |
| 4:44 | Build | House |
| 4:53 | Create | Villager (Male) |
| 4:53 | Create | Villager (Male) |
| 5:00 | Build | House |
| 5:17 | Create | Villager (Male) |
| 5:41 | Build | House |
| 5:49 | Create | Villager (Male) |
| 6:15 | Create | Villager (Male) |
| 6:33 | Create | Villager (Male) |
| 6:55 | Build | House |
| 7:01 | Create | Villager (Male) |
| 7:07 | Build | House |
| 7:24 | Build | House |
| 7:54 | Create | Villager (Male) |
| 7:54 | Create | Villager (Male) |
| 8:07 | Build | House |
| 8:24 | Research | Loom |
| 8:30 | Create | Villager (Male) |
| 8:40 | Build | Mill |
| 8:45 | Build | House |
| 8:53 | Research | Loom |
| 8:58 | Build | House |
| 9:06 | Create | Villager (Male) |
| 9:11 | Create | Villager (Male) |
| 9:13 | Build | House |
| 9:28 | Build | House |
| 9:38 | Create | Villager (Male) |
| 9:51 | Create | Villager (Male) |
| 10:08 | Create | Villager (Male) |
| 10:14 | Research | Loom |
| 10:41 | Build | Mill |
| 10:47 | Build | Mining Camp |
| 11:28 | Research | Feudal Age |
| 12:40 | Build | Barracks |
| 12:42 | Build | Palisade Wall |
| 13:37 | Create | Villager (Male) |
| 13:37 | Create | Villager (Male) |
| 13:46 | Age | Feudal Age |
| 13:48 | Build | Archery Range |
| 13:51 | Build | Blacksmith |
| 14:38 | Create | Archer |
| 14:53 | Research | Castle Age |
| 15:10 | Create | Archer |
| 15:13 | Build | House |
| 15:24 | Build | House |
| 15:26 | Build | Palisade Wall |
| 15:58 | Create | Archer |
| 16:16 | Build | Lumber Camp |
| 16:27 | Create | Villager (Male) |
| 16:34 | Create | Archer |
| 16:37 | Research | Double-Bit Axe |
| 16:47 | Build | House |
| 17:01 | Create | Villager (Male) |
| 17:09 | Research | Fletching |
| 17:17 | Build | House |
| 17:18 | Build | House |
| 17:19 | Build | Palisade Wall |
| 17:33 | Age | Castle Age |
| 17:34 | Create | Villager (Male) |
| 17:44 | Research | Horse Collar |
| 17:48 | Research | Bow Saw |
| 17:48 | Research | Bow Saw |
| 17:50 | Create | Villager (Male) |
| 17:50 | Create | Villager (Male) |
| 18:00 | Create | Archer |
| 18:00 | Create | Archer |
| 18:04 | Build | Farm |
| 18:08 | Build | Farm |
| 18:27 | Create | Villager (Male) |
| 18:30 | Build | Farm |
| 18:32 | Build | Farm |
| 18:36 | Create | Villager (Male) |
| 18:57 | Research | Horse Collar |
| 19:01 | Create | Archer |
| 19:15 | Create | Villager (Male) |
| 19:16 | Build | Farm |
| 19:47 | Create | Villager (Male) |
| 19:49 | Create | Archer |
| 19:49 | Create | Archer |
| 20:00 | Build | Farm |
| 20:05 | Create | Villager (Male) |
| 20:06 | Create | Archer |
| 20:13 | Research | Crossbowman (upgrade) |
| 21:01 | Create | Villager (Male) |
| 21:06 | Build | Town Center |
| 21:10 | Create | Villager (Male) |
| 21:24 | Build | Siege Workshop |
| 21:35 | Create | Villager (Male) |
| 21:37 | Build | Farm |
| 21:38 | Build | Farm |
| 21:55 | Create | Archer |
| 21:56 | Create | Archer |
| 22:04 | Research | Bodkin Arrow |
| 22:05 | Research | Bodkin Arrow |
| 22:06 | Create | Villager (Male) |
| 22:08 | Build | Farm |
| 22:29 | Create | Archer |
| 22:29 | Create | Archer |
| 22:32 | Create | Villager (Male) |
| 22:38 | Create | Villager (Male) |
| 22:43 | Build | Farm |
| 22:45 | Build | Farm |
| 22:51 | Create | Villager (Male) |
| 22:51 | Create | Villager (Male) |
| 22:55 | Build | Farm |
| 23:27 | Create | Villager (Male) |
| 23:27 | Create | Villager (Male) |
| 23:28 | Create | Villager (Male) |
| 23:42 | Create | Villager (Male) |
| 23:48 | Build | Town Center |
| 23:59 | Create | Villager (Male) |
| 23:59 | Create | Villager (Male) |
| 24:01 | Build | Farm |
| 24:02 | Build | Farm |
| 24:03 | Build | Farm |
| 24:17 | Create | Villager (Male) |
| 24:17 | Create | Villager (Male) |
| 24:28 | Create | Villager (Male) |
| 24:28 | Create | Villager (Male) |
| 24:41 | Build | University |
| 24:48 | Create | Villager (Male) |
| 24:48 | Create | Villager (Male) |
| 24:50 | Build | House |
| 24:53 | Build | House |
| 24:53 | Build | House |
| 24:54 | Build | House |
| 25:13 | Build | House |
| 25:14 | Build | House |
| 25:14 | Build | House |
| 25:15 | Build | House |
| 25:17 | Build | House |
| 25:20 | Create | Villager (Male) |
| 25:21 | Create | Villager (Male) |
| 25:21 | Create | Villager (Male) |
| 25:30 | Create | Villager (Male) |
| 25:30 | Create | Villager (Male) |
| 25:47 | Research | Ballistics |
| 25:56 | Create | Villager (Male) |
Build order — 董 泽寒道
First 150 of 428 actions detected
| 0:26 | Build | Town Center |
| 2:50 | Create | Villager (Male) |
| 3:02 | Create | Villager (Male) |
| 3:20 | Create | Villager (Male) |
| 3:21 | Create | Villager (Male) |
| 3:31 | Build | House |
| 3:44 | Research | Loom |
| 3:45 | Create | Villager (Male) |
| 3:47 | Create | Villager (Male) |
| 4:49 | Create | Villager (Male) |
| 5:10 | Create | Villager (Male) |
| 5:12 | Create | Villager (Male) |
| 5:28 | Build | Lumber Camp |
| 6:16 | Create | Villager (Male) |
| 6:18 | Build | House |
| 7:05 | Create | Villager (Male) |
| 7:35 | Create | Villager (Male) |
| 7:50 | Build | Mill |
| 8:14 | Create | Villager (Male) |
| 8:20 | Create | Villager (Male) |
| 8:23 | Create | Villager (Male) |
| 8:33 | Build | House |
| 8:39 | Create | Villager (Male) |
| 8:59 | Build | House |
| 9:16 | Build | House |
| 9:23 | Build | House |
| 9:30 | Create | Villager (Male) |
| 9:39 | Create | Villager (Male) |
| 9:58 | Create | Villager (Male) |
| 10:42 | Build | Palisade Gate |
| 10:52 | Build | House |
| 10:56 | Build | Palisade Wall |
| 11:11 | Create | Villager (Male) |
| 11:20 | Build | Palisade Gate |
| 11:22 | Build | Palisade Gate |
| 11:30 | Create | Villager (Male) |
| 11:34 | Create | Villager (Male) |
| 11:52 | Build | Palisade Gate |
| 12:11 | Create | Villager (Male) |
| 12:17 | Create | Villager (Male) |
| 12:22 | Build | Mining Camp |
| 12:42 | Create | Villager (Male) |
| 13:14 | Research | Feudal Age |
| 13:57 | Build | Farm |
| 13:58 | Build | Farm |
| 13:59 | Build | Farm |
| 14:01 | Build | Farm |
| 14:08 | Build | Palisade Wall |
| 14:09 | Build | Palisade Wall |
| 14:10 | Build | Palisade Wall |
| 14:11 | Build | Palisade Wall |
| 14:13 | Create | Villager (Male) |
| 14:20 | Create | Villager (Male) |
| 15:23 | Build | Farm |
| 15:24 | Age | Feudal Age |
| 15:37 | Build | Blacksmith |
| 16:30 | Create | Villager (Male) |
| 16:37 | Build | House |
| 16:44 | Create | Villager (Male) |
| 17:01 | Build | Market |
| 17:02 | Create | Villager (Male) |
| 17:26 | Research | Castle Age |
| 18:09 | Build | Mining Camp |
| 19:05 | Build | Barracks |
| 19:35 | Create | Villager (Male) |
| 19:52 | Create | Villager (Male) |
| 19:56 | Research | Horse Collar |
| 19:58 | Research | Double-Bit Axe |
| 20:06 | Build | House |
| 20:08 | Age | Castle Age |
| 20:09 | Build | House |
| 20:27 | Create | Villager (Male) |
| 21:12 | Build | Castle |
| 21:23 | Build | Siege Workshop |
| 21:32 | Create | Villager (Male) |
| 21:44 | Build | Stone Wall |
| 21:46 | Create | Villager (Male) |
| 22:07 | Create | Villager (Male) |
| 22:12 | Build | Lumber Camp |
| 22:13 | Create | Villager (Male) |
| 22:24 | Create | Villager (Male) |
| 22:47 | Create | Villager (Male) |
| 22:50 | Build | Farm |
| 22:51 | Create | Villager (Male) |
| 22:56 | Create | Villager (Male) |
| 23:24 | Build | Farm |
| 23:25 | Build | Farm |
| 23:35 | Research | Bow Saw |
| 23:43 | Build | Stone Wall |
| 23:59 | Create | Villager (Male) |
| 24:07 | Create | Battering Ram |
| 24:15 | Create | Obuch |
| 24:23 | Create | Villager (Male) |
| 24:45 | Create | Battering Ram |
| 25:07 | Build | House |
| 25:11 | Create | Obuch |
| 25:21 | Create | Villager (Male) |
| 25:37 | Build | Town Center |
| 25:55 | Create | Battering Ram |
| 25:57 | Create | Obuch |
| 26:02 | Research | Scale Barding Armor |
| 26:05 | Research | Scale Mail Armor |
| 26:21 | Build | Mill |
| 26:31 | Create | Battering Ram |
| 26:43 | Create | Villager (Male) |
| 26:54 | Build | Stable |
| 26:59 | Create | Villager (Male) |
| 27:01 | Create | Villager (Male) |
| 27:05 | Create | Obuch |
| 27:13 | Create | Battering Ram |
| 27:20 | Build | Farm |
| 27:20 | Create | Villager (Male) |
| 27:32 | Create | Obuch |
| 27:37 | Create | Obuch |
| 27:46 | Build | Farm |
| 27:55 | Create | Knight |
| 28:01 | Build | Farm |
| 28:04 | Build | Farm |
| 28:05 | Create | Villager (Male) |
| 28:17 | Create | Obuch |
| 28:17 | Create | Obuch |
| 28:39 | Create | Obuch |
| 28:58 | Create | Villager (Male) |
| 29:43 | Create | Villager (Male) |
| 29:53 | Create | Villager (Male) |
| 30:00 | Create | Villager (Male) |
| 30:01 | Create | Obuch |
| 30:05 | Build | Farm |
| 30:06 | Build | Farm |
| 30:24 | Create | Villager (Male) |
| 30:42 | Build | Farm |
| 30:43 | Build | Farm |
| 30:44 | Build | Farm |
| 30:45 | Create | Villager (Male) |
| 30:49 | Build | House |
| 30:50 | Build | House |
| 31:33 | Create | Villager (Male) |
| 31:36 | Build | Farm |
| 31:37 | Build | Farm |
| 31:37 | Create | Villager (Male) |
| 31:40 | Create | Petard |
| 31:41 | Create | Petard |
| 31:48 | Create | Obuch |
| 32:05 | Create | Villager (Male) |
| 32:10 | Build | Farm |
| 32:11 | Build | Farm |
| 32:11 | Create | Villager (Male) |
| 32:25 | Research | Squires |
| 32:25 | Create | Villager (Male) |
| 32:30 | Build | Mill |
Build order — 凌兮梦
First 150 of 529 actions detected
| 0:59 | Build | Town Center |
| 1:25 | Build | Lumber Camp |
| 1:27 | Build | House |
| 3:00 | Create | Villager (Male) |
| 3:01 | Create | Villager (Male) |
| 3:01 | Create | Villager (Male) |
| 3:01 | Create | Villager (Male) |
| 3:02 | Create | Villager (Male) |
| 3:02 | Create | Villager (Male) |
| 4:42 | Build | House |
| 4:46 | Create | Villager (Male) |
| 4:46 | Create | Villager (Male) |
| 5:14 | Create | Villager (Male) |
| 5:15 | Create | Villager (Male) |
| 5:15 | Create | Villager (Male) |
| 5:43 | Create | Villager (Male) |
| 5:43 | Create | Villager (Male) |
| 5:44 | Create | Villager (Male) |
| 5:59 | Build | House |
| 6:15 | Create | Villager (Male) |
| 6:15 | Create | Villager (Male) |
| 6:15 | Create | Villager (Male) |
| 6:27 | Build | House |
| 6:42 | Create | Villager (Male) |
| 6:42 | Create | Villager (Male) |
| 6:45 | Build | House |
| 7:08 | Build | House |
| 7:19 | Create | Villager (Male) |
| 7:19 | Create | Villager (Male) |
| 7:20 | Create | Villager (Male) |
| 7:20 | Create | Villager (Male) |
| 7:52 | Build | House |
| 8:27 | Create | Villager (Male) |
| 8:37 | Create | Villager (Male) |
| 8:38 | Create | Villager (Male) |
| 9:01 | Create | Villager (Male) |
| 9:21 | Build | House |
| 9:22 | Create | Villager (Male) |
| 9:35 | Create | Villager (Male) |
| 9:35 | Create | Villager (Male) |
| 9:53 | Create | Villager (Male) |
| 10:22 | Create | Villager (Male) |
| 10:22 | Create | Villager (Male) |
| 10:55 | Build | Mill |
| 11:44 | Research | Feudal Age |
| 12:13 | Build | Farm |
| 12:17 | Build | Farm |
| 12:24 | Build | Farm |
| 12:37 | Create | Villager (Male) |
| 12:47 | Build | Mining Camp |
| 13:15 | Build | House |
| 13:29 | Build | House |
| 13:44 | Build | House |
| 13:47 | Build | House |
| 13:56 | Build | Farm |
| 14:02 | Build | House |
| 14:14 | Build | House |
| 14:31 | Create | Villager (Male) |
| 14:33 | Age | Feudal Age |
| 14:50 | Build | Market |
| 14:58 | Build | Blacksmith |
| 15:22 | Build | Mining Camp |
| 15:30 | Create | Villager (Male) |
| 15:31 | Research | Loom |
| 15:39 | Create | Trade Cart |
| 15:39 | Create | Trade Cart |
| 15:44 | Build | House |
| 15:53 | Build | Palisade Gate |
| 16:29 | Build | House |
| 16:43 | Create | Villager (Male) |
| 17:09 | Research | Castle Age |
| 17:09 | Research | Castle Age |
| 19:45 | Create | Villager (Male) |
| 19:45 | Create | Villager (Male) |
| 19:49 | Age | Castle Age |
| 20:03 | Build | Castle |
| 20:15 | Build | Castle |
| 20:29 | Create | Villager (Male) |
| 20:37 | Build | Town Center |
| 20:40 | Create | Villager (Male) |
| 20:40 | Create | Villager (Male) |
| 21:09 | Build | Lumber Camp |
| 21:12 | Create | Villager (Male) |
| 21:18 | Create | Villager (Male) |
| 21:29 | Create | Villager (Male) |
| 21:41 | Research | Fletching |
| 21:52 | Create | Villager (Male) |
| 21:52 | Create | Villager (Male) |
| 22:16 | Build | Siege Workshop |
| 22:38 | Create | Villager (Male) |
| 22:52 | Create | Villager (Male) |
| 23:03 | Create | Mangonel |
| 23:11 | Create | Hussite Wagon |
| 23:12 | Create | Villager (Male) |
| 23:15 | Build | Farm |
| 23:21 | Create | Villager (Male) |
| 23:30 | Create | Villager (Male) |
| 23:33 | Build | Farm |
| 23:34 | Build | Farm |
| 23:36 | Create | Villager (Male) |
| 24:07 | Create | Villager (Male) |
| 24:07 | Create | Villager (Male) |
| 24:10 | Create | Villager (Male) |
| 24:17 | Build | Farm |
| 24:22 | Create | Hussite Wagon |
| 24:23 | Create | Hussite Wagon |
| 24:26 | Create | Villager (Male) |
| 24:26 | Create | Villager (Male) |
| 24:55 | Create | Villager (Male) |
| 25:11 | Create | Villager (Male) |
| 25:15 | Create | Hussite Wagon |
| 25:56 | Create | Villager (Male) |
| 25:58 | Create | Hussite Wagon |
| 25:59 | Create | Hussite Wagon |
| 26:16 | Create | Villager (Male) |
| 26:17 | Create | Villager (Male) |
| 26:22 | Build | Farm |
| 26:22 | Build | Farm |
| 26:22 | Build | Farm |
| 26:23 | Build | Farm |
| 26:42 | Create | Villager (Male) |
| 26:55 | Create | Villager (Male) |
| 26:55 | Create | Villager (Male) |
| 26:55 | Create | Villager (Male) |
| 26:59 | Build | Farm |
| 27:06 | Build | Farm |
| 27:07 | Build | Farm |
| 27:07 | Build | Farm |
| 27:07 | Build | Farm |
| 27:21 | Create | Villager (Male) |
| 27:35 | Build | House |
| 27:36 | Build | House |
| 27:38 | Build | House |
| 27:40 | Build | House |
| 27:40 | Build | House |
| 27:40 | Build | House |
| 27:42 | Build | House |
| 27:44 | Build | House |
| 27:46 | Create | Villager (Male) |
| 27:46 | Create | Villager (Male) |
| 27:47 | Create | Villager (Male) |
| 27:53 | Create | Hussite Wagon |
| 27:55 | Create | Villager (Male) |
| 28:19 | Create | Villager (Male) |
| 28:31 | Create | Villager (Male) |
| 28:31 | Create | Villager (Male) |
| 28:38 | Create | Villager (Male) |
| 28:38 | Create | Villager (Male) |
| 28:54 | Build | Gate |
| 29:01 | Build | House |
Match timeline
| 0:53 | 永不服输 · wall_segment Palisade Wall x1 |
| 0:54 | 永不服输 · wall_segment Palisade Wall x1 |
| 0:54 | 永不服输 · wall_segment Palisade Wall x1 |
| 2:32 | 永不服输 · wall_segment Palisade Wall x1 |
| 2:32 | 永不服输 · wall_segment Palisade Wall x1 |
| 2:33 | 永不服输 · wall_segment Palisade Wall x1 |
| 2:34 | 永不服输 · wall_segment Palisade Wall x1 |
| 5:03 | 悲伤猫头橘 · wall_segment Palisade Wall x1 |
| 5:05 | 悲伤猫头橘 · wall_segment Palisade Wall x1 |
| 5:06 | 悲伤猫头橘 · wall_segment Palisade Wall x1 |
| 5:32 | 楚辞誉 · wall_segment Palisade Wall x1 |
| 7:31 | 悲伤猫头橘 · wall_segment Palisade Wall x5 |
| 8:41 | 悲伤猫头橘 · wall_segment Palisade Wall x2 |
| 10:07 | 阿水 · wall_segment Palisade Wall x3 |
| 10:09 | 阿水 · wall_segment Palisade Wall x3 |
| 10:56 | 董 泽寒道 · wall_segment Palisade Wall x1 |
| 11:32 | 阿水 · wall_segment Palisade Wall x1 |
| 11:34 | 阿水 · wall_segment Palisade Wall x1 |
| 11:41 | 阿水 · wall_segment Palisade Wall x1 |
| 12:40 | lkg · first_building Barracks |
| 12:42 | lkg · wall_segment Palisade Wall x1 |
| 13:15 | 西瓜太牛 · age_up feudal |
| 13:32 | 西瓜太牛 · wall_segment Palisade Wall x4 |
| 13:46 | lkg · age_up feudal |
| 13:48 | lkg · first_building Archery Range |
| 14:08 | 董 泽寒道 · wall_segment Palisade Wall x3 |
| 14:09 | 董 泽寒道 · wall_segment Palisade Wall x1 |
| 14:10 | 董 泽寒道 · wall_segment Palisade Wall x1 |
| 14:11 | 董 泽寒道 · wall_segment Palisade Wall x1 |
| 14:17 | 楚辞誉 · age_up feudal |
| 14:33 | 凌兮梦 · age_up feudal |
| 15:24 | 董 泽寒道 · age_up feudal |
| 15:25 | 阿水 · age_up feudal |
| 15:26 | lkg · wall_segment Palisade Wall x12 |
| 15:29 | 悲伤猫头橘 · age_up feudal |
| 16:04 | 阿水 · first_market_sell 100 stone |
| 16:05 | 西瓜太牛 · first_market_buy 100 food |
| 16:32 | 永不服输 · wall_segment Palisade Wall x1 |
| 16:34 | 永不服输 · age_up feudal |
| 16:51 | 阿水 · wall_segment Stone Wall x8 |
| 16:53 | 悲伤猫头橘 · wall_segment Stone Wall x5 |
| 17:00 | 悲伤猫头橘 · wall_segment Stone Wall x1 |
| 17:01 | 悲伤猫头橘 · wall_segment Stone Wall x1 |
| 17:02 | 悲伤猫头橘 · wall_segment Stone Wall x1 |
| 17:03 | 悲伤猫头橘 · wall_segment Stone Wall x1 |
| 17:04 | 悲伤猫头橘 · wall_segment Stone Wall x1 |
| 17:05 | 悲伤猫头橘 · wall_segment Stone Wall x1 |
| 17:07 | 悲伤猫头橘 · wall_segment Stone Wall x7 |
| 17:16 | 西瓜太牛 · age_up castle |
| 17:19 | lkg · wall_segment Palisade Wall x1 |
| 17:33 | lkg · age_up castle |
| 17:44 | 西瓜太牛 · first_building Monastery |
| 17:49 | 阿水 · wall_segment Stone Wall x6 |
| 17:58 | 阿水 · wall_segment Stone Wall x5 |
| 18:28 | 悲伤猫头橘 · wall_segment Stone Wall x8 |
| 18:32 | 楚辞誉 · age_up castle |
| 18:48 | 阿水 · wall_segment Stone Wall x1 |
| 18:50 | 阿水 · age_up castle |
| 19:05 | 董 泽寒道 · first_building Barracks |
| 19:13 | 悲伤猫头橘 · age_up castle |
| 19:30 | 悲伤猫头橘 · first_building Siege Workshop |
| 19:40 | 西瓜太牛 · first_building Barracks |
| 19:49 | 凌兮梦 · age_up castle |
| 19:59 | 永不服输 · first_building Barracks |
| 20:03 | 凌兮梦 · first_building Castle |
| 20:08 | 董 泽寒道 · age_up castle |
| 20:28 | 楚辞誉 · first_market_buy 100 stone |
| 20:35 | 楚辞誉 · first_building Castle |
| 21:00 | 永不服输 · age_up castle |
| 21:01 | 西瓜太牛 · first_building Stable |
| 21:06 | 阿水 · wall_segment Stone Wall x5 |
| 21:12 | 董 泽寒道 · first_building Castle |
| 21:16 | 永不服输 · first_building Stable |
| 21:23 | 董 泽寒道 · first_building Siege Workshop |
| 21:24 | lkg · first_building Siege Workshop |
| 21:44 | 董 泽寒道 · wall_segment Stone Wall x11 |
| 22:16 | 凌兮梦 · first_building Siege Workshop |
| 22:40 | 阿水 · first_market_buy 100 food |
| 23:22 | 董 泽寒道 · first_market_buy 100 wood |
| 23:43 | 董 泽寒道 · wall_segment Stone Wall x1 |
| 25:26 | 西瓜太牛 · wall_segment Stone Wall x8 |
| 25:28 | 西瓜太牛 · wall_segment Stone Wall x16 |
| 26:54 | 董 泽寒道 · first_building Stable |
| 27:49 | 西瓜太牛 · first_market_sell 100 stone |
| 28:01 | 阿水 · first_building Siege Workshop |
| 28:33 | 永不服输 · first_building Siege Workshop |
| 28:41 | lkg · first_market_buy 100 wood |
| 30:58 | 凌兮梦 · wall_segment Stone Wall x9 |
| 31:18 | 阿水 · wall_segment Stone Wall x3 |
| 31:18 | 楚辞誉 · wall_segment Stone Wall x8 |
| 31:24 | 阿水 · wall_segment Stone Wall x1 |
| 31:27 | 阿水 · wall_segment Stone Wall x7 |
| 31:29 | 阿水 · wall_segment Stone Wall x4 |
| 31:37 | 悲伤猫头橘 · first_building Barracks |
| 31:40 | 西瓜太牛 · first_building Siege Workshop |
| 31:48 | 凌兮梦 · wall_segment Stone Wall x12 |
| 32:00 | 凌兮梦 · wall_segment Stone Wall x15 |
| 32:07 | 阿水 · wall_segment Stone Wall x7 |
| 32:17 | lkg · wall_segment Stone Wall x1 |
| 32:20 | 悲伤猫头橘 · first_building Stable |
| 32:24 | lkg · first_building Monastery |
| 32:32 | 阿水 · first_building Barracks |
| 32:37 | 凌兮梦 · wall_segment Stone Wall x1 |
| 32:56 | lkg · first_market_sell 100 wood |
| 33:17 | 阿水 · first_building Stable |
| 33:31 | 阿水 · first_building Castle |
| 33:50 | 楚辞誉 · first_building Barracks |
| 33:54 | 阿水 · wall_segment Stone Wall x2 |
| 33:56 | 凌兮梦 · wall_segment Stone Wall x1 |
| 34:19 | 阿水 · age_up imperial |
| 34:53 | 凌兮梦 · wall_segment Stone Wall x1 |
| 35:07 | lkg · first_building Castle |
| 35:37 | 悲伤猫头橘 · age_up imperial |
| 35:50 | 悲伤猫头橘 · first_building Castle |
| 35:51 | lkg · wall_segment Stone Wall x11 |
| 35:53 | lkg · wall_segment Stone Wall x8 |
| 36:01 | lkg · wall_segment Stone Wall x15 |
| 36:18 | 西瓜太牛 · wall_segment Stone Wall x1 |
| 36:34 | 西瓜太牛 · wall_segment Stone Wall x3 |
| 36:34 | lkg · age_up imperial |
| 36:42 | 西瓜太牛 · wall_segment Stone Wall x1 |
| 36:46 | 西瓜太牛 · wall_segment Stone Wall x1 |
| 38:03 | 永不服输 · wall_segment Stone Wall x20 |
| 38:10 | lkg · wall_segment Stone Wall x1 |
| 38:14 | lkg · wall_segment Stone Wall x4 |
| 38:15 | 凌兮梦 · wall_segment Stone Wall x1 |
| 38:19 | lkg · wall_segment Stone Wall x5 |
| 38:19 | 凌兮梦 · wall_segment Palisade Wall x2 |
| 38:22 | 凌兮梦 · wall_segment Stone Wall x1 |
| 38:27 | 凌兮梦 · wall_segment Stone Wall x1 |
| 38:55 | 悲伤猫头橘 · first_market_sell 100 food |
| 39:12 | 董 泽寒道 · age_up imperial |
| 39:37 | 永不服输 · wall_segment Stone Wall x17 |
| 39:40 | lkg · first_building Stable |
| 39:46 | 凌兮梦 · age_up imperial |
| 40:00 | 永不服输 · wall_segment Stone Wall x9 |
| 40:08 | 永不服输 · wall_segment Stone Wall x10 |
| 40:16 | 悲伤猫头橘 · first_building Archery Range |
| 41:23 | lkg · wall_segment Stone Wall x1 |
| 41:24 | lkg · wall_segment Stone Wall x1 |
| 42:38 | 永不服输 · first_building Castle |
| 43:34 | 凌兮梦 · wall_segment Stone Wall x1 |
| 44:36 | 永不服输 · wall_segment Stone Wall x1 |
| 44:40 | 悲伤猫头橘 · tribute_sent a jugador 1 |
| 44:40 | 悲伤猫头橘 · tribute_sent a jugador 2 |
| 44:40 | 悲伤猫头橘 · tribute_sent a jugador 4 |
| 44:40 | 悲伤猫头橘 · tribute_sent a jugador 5 |
| 44:40 | 悲伤猫头橘 · tribute_sent a jugador 6 |
| 44:40 | 悲伤猫头橘 · tribute_sent a jugador 7 |
| 44:40 | 悲伤猫头橘 · tribute_sent a jugador 8 |
| 45:08 | 永不服输 · age_up imperial |
| 45:39 | 阿水 · first_building Archery Range |
| 45:58 | 悲伤猫头橘 · tribute_sent a jugador 1 |
| 45:58 | 悲伤猫头橘 · tribute_sent a jugador 2 |
| 45:58 | 悲伤猫头橘 · tribute_sent a jugador 4 |
| 45:58 | 悲伤猫头橘 · tribute_sent a jugador 5 |
| 45:58 | 悲伤猫头橘 · tribute_sent a jugador 6 |
| 45:58 | 悲伤猫头橘 · tribute_sent a jugador 7 |
| 45:58 | 悲伤猫头橘 · tribute_sent a jugador 8 |
| 46:07 | 凌兮梦 · wall_segment Stone Wall x5 |
| 46:12 | 凌兮梦 · wall_segment Stone Wall x8 |
| 46:21 | 楚辞誉 · wall_segment Stone Wall x5 |
| 46:22 | 楚辞誉 · wall_segment Stone Wall x6 |
| 46:27 | 凌兮梦 · wall_segment Stone Wall x7 |
| 46:49 | 西瓜太牛 · first_building Archery Range |
| 47:15 | 悲伤猫头橘 · tribute_sent a jugador 1 |
| 47:15 | 悲伤猫头橘 · tribute_sent a jugador 2 |
| 47:15 | 悲伤猫头橘 · tribute_sent a jugador 4 |
| 47:15 | 悲伤猫头橘 · tribute_sent a jugador 5 |
| 47:15 | 悲伤猫头橘 · tribute_sent a jugador 6 |
| 47:15 | 悲伤猫头橘 · tribute_sent a jugador 7 |
| 47:15 | 悲伤猫头橘 · tribute_sent a jugador 8 |
| 47:37 | 凌兮梦 · wall_segment Stone Wall x9 |
| 47:39 | 西瓜太牛 · first_building Castle |
| 47:55 | 凌兮梦 · first_building Barracks |
| 48:01 | 西瓜太牛 · wall_segment Stone Wall x7 |
| 48:10 | 西瓜太牛 · wall_segment Stone Wall x1 |
| 48:25 | 楚辞誉 · tribute_sent a jugador 1 |
| 48:25 | 楚辞誉 · tribute_sent a jugador 2 |
| 48:25 | 楚辞誉 · tribute_sent a jugador 3 |
| 48:25 | 楚辞誉 · tribute_sent a jugador 4 |
| 48:25 | 楚辞誉 · tribute_sent a jugador 6 |
| 48:25 | 楚辞誉 · tribute_sent a jugador 7 |
| 48:25 | 楚辞誉 · tribute_sent a jugador 8 |
| 48:29 | 永不服输 · tribute_sent a jugador 1 |
| 48:29 | 永不服输 · tribute_sent a jugador 3 |
| 48:29 | 永不服输 · tribute_sent a jugador 4 |
| 48:29 | 永不服输 · tribute_sent a jugador 5 |
| 48:29 | 永不服输 · tribute_sent a jugador 6 |
| 48:29 | 永不服输 · tribute_sent a jugador 7 |
| 48:29 | 永不服输 · tribute_sent a jugador 8 |
| 48:30 | 楚辞誉 · wall_segment Stone Wall x5 |
| 48:32 | 凌兮梦 · first_building Archery Range |
| 48:45 | lkg · wall_segment Stone Wall x1 |
| 49:33 | 楚辞誉 · wall_segment Stone Wall x7 |
| 49:54 | 西瓜太牛 · age_up imperial |
| 50:22 | 悲伤猫头橘 · tribute_sent a jugador 1 |
| 50:22 | 悲伤猫头橘 · tribute_sent a jugador 2 |
| 50:22 | 悲伤猫头橘 · tribute_sent a jugador 4 |
| 50:22 | 悲伤猫头橘 · tribute_sent a jugador 5 |
| 50:22 | 悲伤猫头橘 · tribute_sent a jugador 6 |
| 50:22 | 悲伤猫头橘 · tribute_sent a jugador 7 |
| 50:22 | 悲伤猫头橘 · tribute_sent a jugador 8 |
| 51:47 | 永不服输 · tribute_sent a jugador 1 |
| 51:47 | 永不服输 · tribute_sent a jugador 3 |
| 51:47 | 永不服输 · tribute_sent a jugador 4 |
| 51:47 | 永不服输 · tribute_sent a jugador 5 |
| 51:47 | 永不服输 · tribute_sent a jugador 6 |
| 51:47 | 永不服输 · tribute_sent a jugador 7 |
| 51:47 | 永不服输 · tribute_sent a jugador 8 |
| 52:08 | 永不服输 · tribute_sent a jugador 1 |
| 52:08 | 永不服输 · tribute_sent a jugador 3 |
| 52:08 | 永不服输 · tribute_sent a jugador 4 |
| 52:08 | 永不服输 · tribute_sent a jugador 5 |
| 52:08 | 永不服输 · tribute_sent a jugador 6 |
| 52:08 | 永不服输 · tribute_sent a jugador 7 |
| 52:08 | 永不服输 · tribute_sent a jugador 8 |
| 52:14 | lkg · tribute_sent a jugador 1 |
| 52:14 | lkg · tribute_sent a jugador 2 |
| 52:14 | lkg · tribute_sent a jugador 3 |
| 52:14 | lkg · tribute_sent a jugador 4 |
| 52:14 | lkg · tribute_sent a jugador 5 |
| 52:14 | lkg · tribute_sent a jugador 7 |
| 52:14 | lkg · tribute_sent a jugador 8 |
| 52:15 | 永不服输 · tribute_sent a jugador 1 |
| 52:15 | 永不服输 · tribute_sent a jugador 3 |
| 52:15 | 永不服输 · tribute_sent a jugador 4 |
| 52:15 | 永不服输 · tribute_sent a jugador 5 |
| 52:15 | 永不服输 · tribute_sent a jugador 6 |
| 52:15 | 永不服输 · tribute_sent a jugador 7 |
| 52:15 | 永不服输 · tribute_sent a jugador 8 |
| 52:50 | 董 泽寒道 · wall_segment Stone Wall x18 |
| 52:56 | 楚辞誉 · first_building Archery Range |
| 54:04 | 凌兮梦 · wall_segment Stone Wall x18 |
| 54:28 | 楚辞誉 · age_up imperial |
| 54:44 | 董 泽寒道 · first_market_sell 100 food |
| 56:51 | 凌兮梦 · wall_segment Stone Wall x6 |
| 57:40 | 悲伤猫头橘 · first_market_buy 100 stone |
| 57:41 | 董 泽寒道 · wall_segment Stone Wall x1 |
| 57:42 | 董 泽寒道 · wall_segment Stone Wall x1 |
| 57:44 | 悲伤猫头橘 · wall_segment Stone Wall x2 |
| 57:51 | 悲伤猫头橘 · wall_segment Stone Wall x2 |
| 58:03 | 悲伤猫头橘 · wall_segment Stone Wall x1 |
| 58:04 | 永不服输 · tribute_sent a jugador 1 |
| 58:04 | 永不服输 · tribute_sent a jugador 3 |
| 58:04 | 永不服输 · tribute_sent a jugador 4 |
| 58:04 | 永不服输 · tribute_sent a jugador 5 |
| 58:04 | 永不服输 · tribute_sent a jugador 6 |
| 58:04 | 永不服输 · tribute_sent a jugador 7 |
| 58:04 | 永不服输 · tribute_sent a jugador 8 |
| 58:05 | 悲伤猫头橘 · wall_segment Stone Wall x3 |
| 58:09 | 悲伤猫头橘 · wall_segment Stone Wall x1 |
| 58:19 | 凌兮梦 · wall_segment Stone Wall x22 |
| 58:39 | 悲伤猫头橘 · tribute_sent a jugador 1 |
| 58:39 | 悲伤猫头橘 · tribute_sent a jugador 2 |
| 58:39 | 悲伤猫头橘 · tribute_sent a jugador 4 |
| 58:39 | 悲伤猫头橘 · tribute_sent a jugador 5 |
| 58:39 | 悲伤猫头橘 · tribute_sent a jugador 6 |
| 58:39 | 悲伤猫头橘 · tribute_sent a jugador 7 |
| 58:39 | 悲伤猫头橘 · tribute_sent a jugador 8 |
| 58:39 | 楚辞誉 · first_building Siege Workshop |
| 59:23 | 楚辞誉 · wall_segment Stone Wall x17 |
| 59:31 | 悲伤猫头橘 · wall_segment Stone Wall x1 |
| 59:33 | 董 泽寒道 · wall_segment Stone Wall x3 |
| 59:33 | 楚辞誉 · wall_segment Stone Wall x11 |
| 60:57 | 楚辞誉 · wall_segment Stone Wall x1 |
| 64:20 | 楚辞誉 · tribute_sent a jugador 1 |
| 64:20 | 楚辞誉 · tribute_sent a jugador 2 |
| 64:20 | 楚辞誉 · tribute_sent a jugador 3 |
| 64:20 | 楚辞誉 · tribute_sent a jugador 4 |
| 64:20 | 楚辞誉 · tribute_sent a jugador 6 |
| 64:20 | 楚辞誉 · tribute_sent a jugador 7 |
| 64:20 | 楚辞誉 · tribute_sent a jugador 8 |
| 64:43 | lkg · wall_segment Stone Wall x1 |
| 65:52 | 永不服输 · resign |
[ AI ANALYSIS · 1 CREDIT ]
What really happened in this match?
Wolo.gg analyzes every decision: build order, eco, micro, common mistakes by bracket. Personalized analysis on WhatsApp or Discord in 30 seconds.
Civ guide
Saracens
Perfil
Jugador #6112232